 Dungeon Crawl Stone Soup version 0.19.0-2-gae57169 (webtiles) character file.

8017 GordonOverkill the Severer (level 11, -4/82 HPs)
             Began as a Hill Orc Fighter on Nov 6, 2016.
             Was a High Priest of Okawaru.
             Killed from afar by Harold (23 damage)
             ... with a bolt of fire
             ... on level 1 of the Lair of Beasts.
             The game lasted 00:25:52 (11287 turns).

GordonOverkill the Severer (Hill Orc Fighter)      Turns: 11287, Time: 00:25:53

Health: -4/82      AC: 17    Str: 23    XL:     11   Next: 24%
Magic:  11/11      EV:  6    Int:  6    God:    Okawaru [*****.]
Gold:   488        SH:  0    Dex: 10    Spells: 0 memorised, 10 levels left

rFire  . . .     SeeInvis .     a - +0 war axe
rCold  . . .     Gourm    .     D - +1 plate armour {rPois}
rNeg   . . .     Faith    .     c - +0 shield
rPois  +         Spirit   .     j - +1 helmet
rElec  .         Reflect  .     m - +0 cloak
rCorr  .         Harm     .     (no gloves)
MR     .....                    (no boots)
Stlth  ..........               (no amulet)
                                B - +2 ring of protection
                                u - -2 ring of intelligence (curse)

@: confused
A: no striking features
a: Heroism, Finesse, Renounce Religion


You were on level 1 of the Lair of Beasts.
You worshipped Okawaru.
Okawaru was extremely pleased with you.
You were very hungry.

You visited 2 branches of the dungeon, and saw 9 of its levels.

You collected 488 gold pieces.

Inventory:

Hand Weapons
 a - a +0 war axe (weapon)
Armour
 c - a +0 shield (worn)
 j - a +1 helmet (worn)
 m - a +0 cloak (worn)
 D - a +1 plate armour of poison resistance (worn)
Jewellery
 b - an uncursed ring of resist corrosion
 p - an uncursed ring of protection from magic
 u - a cursed -2 ring of intelligence (left hand)
 B - a +2 ring of protection (right hand)
Wands
 i - a wand of confusion (15/48)
 r - a wand of random effects (32/48)
 t - a wand of flame (24/48)
 C - a wand of teleportation (7/9)
Scrolls
 l - 3 scrolls of amnesia
 A - a scroll of teleportation
Potions
 d - a potion of brilliance
 o - a potion of magic
 q - a potion of agility
 w - a potion of flight
 x - a potion of mutation
Books
 k - a book of Changes

   Spells                             Type                      Level
   a - Beastly Appendage              Transmutation                1
   b - Sticks to Snakes               Transmutation                2
   c - Spider Form                    Transmutation/Poison         3
   d - Ice Form                       Ice/Transmutation            4
   e - Blade Hands                    Transmutation                5
Comestibles
 f - 5 bread rations
 g - 2 fruits
 s - 6 meat rations
 z - 5 beef jerkies


   Skills:
 - Level 3.6 Fighting
 + Level 15.1 Axes
 - Level 3.2 Armour
 + Level 13.2 Shields


You had 10 spell levels left.
You didn't know any spells.

Dungeon Overview and Level Annotations

Branches:
Dungeon (8/15)             Temple (0/1) D:5            Lair (1/6) D:8

Altars:
Ashenzari
Elyvilon
Gozag
Hepliaklqana
Makhleb
Nemelex Xobeh
Okawaru
Qazlal
Ru
Uskayaw
Vehumet
Zin
The Shining One

Shops:
D:4 ?   D:5 %

Annotations:
Lair:1 Harold


Message History

The porcupine is lightly wounded.
The porcupine closely misses you.
You are struck by the porcupine's spines.
* * * LOW HITPOINT WARNING * * *
You miss the porcupine.
The porcupine is lightly wounded.
The porcupine bites you.
* * * LOW HITPOINT WARNING * * *
You are struck by the porcupine's spines.
* * * LOW HITPOINT WARNING * * *
You barely miss the porcupine. You block the porcupine's attack.
You are confused.
You feel invigorated.
The porcupine bites you but does no damage.
The porcupine bites you but does no damage.
You bump into the rock wall.
The porcupine bites you but does no damage.
Harold points at you and mumbles some strange words.
The bolt of fire hits you!
You die...

...#.......###.##.....#.#########
...#.......##..##............#P##
[..#........#..#......#.##......+
...........##...#..@...##....####
......P....#P...+.....#####.## #
...............##.....# #.# #
...P........#####.....## ##.## #
...#.......######.....P###...####
..#.............@................
..............(.r.(...........%..
..[..............................
.......................####.###..
..........##.#.#.#.....# #..##...
....#...P.#......#.....##.#.##...
......>....(.....P.....###..#P...
......................$# .......
.................#...... ...##..


You could see Harold and a porcupine.

Vanquished Creatures
  Gastronok (D:8)
  Pikel (D:5)
  2 spiny frogs (Lair:1)
  4 blink frogs
  A hippogriff (D:8)
  Eustachio (D:4)
  A hungry ghost (D:7)
  A basilisk (Lair:1)
  Menkaure (D:7)
  3 water moccasins
  2 orc warriors (D:8)
  4 slaves
  3 ice beasts
  A phantom (D:6)
  3 ogres
  7 centaurs
  2 crocodiles (D:8)
  5 bullfrogs
  A gnoll sergeant (D:7)
  A water moccasin zombie (D:7)
  8 killer bees (D:8)
  A howler monkey (D:5)
  4 crimson imps
  4 orc priests
  Crazy Yiuf (D:7)
  6 jellies
  5 centaur skeletons
  An iguana (D:3)
  6 orc wizards
  6 worker ants
  2 hound skeletons
  A howler monkey zombie (D:7)
  7 adders
  5 gnolls (D:7)
  2 shadow imps
  An ooze (D:3)
  An adder skeleton (D:8)
  2 worms
  A dart slug (D:3)
  2 leopard geckos
  20 orcs
  3 ball pythons
  4 giant cockroaches
  4 goblins
  8 hobgoblins
  9 jackals
  2 kobolds (D:2)
  2 quokkas
  12 bats
  8 frilled lizards
  2 jackal skeletons
  A quokka skeleton (D:8)
  5 rats
191 creatures vanquished.

Notes
Turn   | Place    | Note
-------+----------+-------------------------------------------
     0 | D:1      | GordonOverkill the Hill Orc Fighter began the quest for the Orb.
     0 | D:1      | Reached XP level 1. HP: 19/19 MP: 1/1
   118 | D:1      | Reached skill level 3 in Axes
   225 | D:1      | Reached XP level 2. HP: 26/26 MP: 2/2
   751 | D:2      | Found an iron altar of Okawaru.
   763 | D:2      | Reached XP level 3. HP: 24/31 MP: 3/3
   905 | D:2      | Became a worshipper of Warmaster Okawaru
  1279 | D:2      | Reached skill level 4 in Axes
  1687 | D:2      | Reached XP level 4. HP: 10/39 MP: 4/4
  2103 | D:3      | Found a faded altar of an unknown god.
  2103 | D:3      | Found a faded altar of an unknown god.
  2108 | D:3      | Found a faded altar of an unknown god.
  2110 | D:3      | Found a faded altar of an unknown god.
  2111 | D:3      | Found a burning altar of Makhleb.
  2216 | D:3      | Found a glowing golden altar of the Shining One.
  2327 | D:3      | Found a hide-covered altar of Uskayaw.
  2330 | D:3      | Found a hazy altar of Hepliaklqana.
  2365 | D:3      | Found a shattered altar of Ashenzari.
  2368 | D:3      | Found a radiant altar of Vehumet.
  2485 | D:3      | Reached skill level 5 in Axes
  2523 | D:4      | Noticed Eustachio
  2530 | D:3      | Reached XP level 5. HP: 44/45 MP: 5/5
  2563 | D:4      | Noticed an ogre
  2572 | D:3      | Killed an ogre
  2572 | D:3      | Reached skill level 5 in Shields
  2737 | D:4      | Reached skill level 6 in Axes
  2737 | D:4      | Reached XP level 6. HP: 50/51 MP: 6/6
  2859 | D:4      | Killed Eustachio
  2859 | D:4      | Reached * piety under Okawaru
  2920 | D:4      | Found Sekat's Magic Scroll Boutique.
  2928 | D:4      | Reached skill level 7 in Axes
  3091 | D:4      | You fall through a shaft for 2 floors!
  3091 | D:6      | Noticed Pikel
  3091 | D:6      | Noticed a slave
  3091 | D:6      | Noticed a slave
  3091 | D:6      | Noticed a slave
  3091 | D:6      | Noticed a slave
  3101 | D:5      | Entered Level 5 of the Dungeon
  3110 | D:5      | Killed a slave
  3162 | D:5      | Reached XP level 7. HP: 38/57 MP: 7/7
  3175 | D:5      | Killed Pikel
  3175 | D:5      | Reached skill level 8 in Axes
  3175 | D:5      | Reached XP level 8. HP: 43/64 MP: 8/8
  3429 | D:5      | Reached ** piety under Okawaru
  3429 | D:5      | Reached skill level 9 in Axes
  3793 | D:5      | Found Xecadac's Food Boutique.
  3793 | D:5      | Found a staircase to the Ecumenical Temple.
  4376 | D:4      | Got a twisted chain mail
  4387 | D:4      | Identified the cursed +1 chain mail "Bap Xics" {Int+3 SInv} (You found it on level 4 of the Dungeon)
  4727 | D:6      | Reached skill level 10 in Axes
  4912 | D:6      | Reached *** piety under Okawaru
  5046 | D:6      | Reached XP level 9. HP: 49/70 MP: 9/9
  5575 | D:7      | Found a stormy altar of Qazlal.
  5578 | D:7      | Found a glowing silver altar of Zin.
  5581 | D:7      | Found a sacrificial altar of Ru.
  5584 | D:7      | Found a white marble altar of Elyvilon.
  5642 | D:7      | Reached skill level 11 in Axes
  5893 | D:7      | Found a runed door.
  6051 | D:7      | Found a sparkling altar of Nemelex Xobeh.
  6051 | D:7      | Found an opulent altar of Gozag.
  6280 | D:7      | Reached skill level 10 in Shields
  6483 | D:7      | Noticed Menkaure
  6665 | D:7      | Killed Menkaure
  7319 | D:7      | Noticed Crazy Yiuf
  7323 | D:7      | Paralysed by Crazy Yiuf for 6 turns
  7331 | D:7      | Killed Crazy Yiuf
  7971 | D:8      | Reached skill level 12 in Axes
  7975 | D:8      | Reached **** piety under Okawaru
  8147 | D:8      | Found a staircase to the Lair.
  8389 | D:8      | Reached XP level 10. HP: 75/77 MP: 10/10
  8614 | D:8      | Received a gift from Okawaru
  8614 | D:8      | Reached skill level 13 in Axes
  9686 | D:8      | Noticed Gastronok
  9742 | D:8      | Killed Gastronok
  9742 | D:8      | Reached ***** piety under Okawaru
  9742 | D:8      | Reached skill level 14 in Axes
 10504 | Lair:1   | Entered Level 1 of the Lair of Beasts
 10579 | D:8      | Reached XP level 11. HP: 65/82 MP: 11/11
 10865 | Lair:1   | Received a gift from Okawaru
 11016 | Lair:1   | Reached skill level 15 in Axes
 11251 | Lair:1   | Noticed Harold
 11287 | Lair:1   | Killed from afar by Harold

Skill      XL: |  1  2  3  4  5  6  7  8  9 10 11 |
---------------+----------------------------------+-----
Axes           | 3 4 5 6 7 8 10 12 14 15 | 15.1
Shields        | 4 5 6 7 9 11 12 13 | 13.2
Fighting       | |  3.6
Armour         | |  3.2

Action                   |  1- 3 |  4- 6 |  7- 9 | 10-12 || total
-------------------------+-------+-------+-------+-------++-------
Melee: War axe           |   157 |   142 |   465 |   298 ||  1062
Throw: Throwing net      |       |       |       |     3 ||     3
Invok: Heroism           |       |       |     1 |       ||     1
Evoke: Wand              |       |       |       |     7 ||     7
  Use: Potion            |       |     1 |       |     2 ||     3
       Scroll            |       |       |    17 |     4 ||    21
 Stab: Distracted        |       |       |     2 |       ||     2
       Confused          |       |       |       |     1 ||     1
       Held in net/web   |       |       |       |     1 ||     1
  Eat: Chunk             |     3 |     4 |    15 |     4 ||    26
       Royal jelly       |       |       |     1 |       ||     1
       Pizza             |       |       |     1 |       ||     1
       Fruit             |       |       |       |     4 ||     4
       Beef jerky        |       |       |       |     2 ||     2
Armor: Scale mail        |   102 |    51 |    53 |       ||   206
       Chain mail        |       |       |   118 |    80 ||   198
       Plate armour      |       |       |       |    21 ||    21
Dodge: Dodged            |    75 |    45 |    92 |    45 ||   257
Block: Shield            |   110 |    89 |   238 |   144 ||   581
